 Dungeon Crawl Stone Soup version 0.30-a0-765-g3161bf10a1 (webtiles) character file.

Game seed: 6129902882711687841

237430 Lavandula the Convoker (level 20, -39/158 HPs)
             Began as a Human Monk on Feb 12, 2023.
             Was a Follower of Elyvilon.
             Shot with a bolt by a yaktaur captain (41 damage)
             ... on level 1 of the Vaults.
             The game lasted 01:50:40 (52008 turns).

Lavandula the Convoker (Human Monk)                Turns: 52008, Time: 01:50:41

Health: -39/158    AC: 22    Str: 16    XL:     20   Next: 0%
Magic:  17/31      EV: 19    Int: 18    God:    Elyvilon [*.....]
Gold:   1731       SH: 12    Dex: 18    Spells: 9/19 levels left

rFire   . . .      SeeInvis .    H - +4 scimitar (flame)
rCold   + . .      Faith    .    V - +0 kite shield {rC+}
rNeg    . . .      Spirit   .    p - +3 leather armour {Will+}
rPois   .          Reflect  .    W - +2 helmet {Int+3}
rElec   .          Harm     .    I - +2 cloak
rCorr   .          Rampage  +    T - +1 pair of gloves of Ennui {Slay+5}
Will    ++...                    M - +2 pair of boots {rampage}
Stlth   ++                       Y - amulet of the acrobat
HPRegen 0.46/turn                L - +5 ring of evasion
MPRegen 0.22/turn                t - ring of wizardry

@: frozen, very slow
A: iridescent scales 1, clever 1, screaming 1
}: 2/15 runes: serpentine, barnacled
a: Renounce Religion, Purification


You were on level 1 of the Vaults.
You worshipped Elyvilon.
Elyvilon was aware of your devotion.
You visited 7 branches of the dungeon, and saw 31 of its levels.
You also visited: Bailey, Gauntlet and Volcano.

You collected 2808 gold pieces.
You spent 1077 gold pieces at shops.

Inventory:

Hand Weapons
 c - a +3 dagger of venom
 r - a +1 scimitar of holy wrath
 H - a +4 scimitar of flaming (weapon)
Missiles
 o - 25 javelins (quivered)
Armour
 p - a +3 leather armour of willpower (worn)
 q - the +3 leather armour of the King of the Hill {Harm Rampage Str+6 Slay-5}
   (You found it on level 4 of the Dungeon)

   Str:       It affects your strength (+6).
   Slay:      It affects your accuracy & damage with ranged weapons and melee
   (-5).
   Harm:      It increases damage dealt and taken.
   Rampage:   It bestows one free step when moving towards enemies.
 u - +2 ice dragon scales
 I - a +2 cloak (worn)
 M - a +2 pair of boots of rampaging (worn)
 T - the +1 pair of gloves of Ennui (worn) {Slay+5}
   (You found it in a Gauntlet)

   Slay:      It affects your accuracy & damage with ranged weapons and melee
   (+5).
 V - a +0 kite shield of cold resistance (worn)
 W - a +2 helmet of intelligence (worn)
Jewellery
 g - a ring of protection from cold
 h - a ring of fire
 t - a ring of wizardry (right hand)
 F - the ring of Okib Rost {Ice rPois Dex+2 Slay+2}
   (You found it in a Gauntlet)

   [ring of ice]

   It enhances your ice magic.
   Dex:       It affects your dexterity (+2).
   Slay:      It affects your accuracy & damage with ranged weapons and melee
   (+2).
   rF:        It makes you vulnerable to fire.
   rC:        It protects you from cold.
   rPois:     It protects you from poison.
 G - the ring "Ohissiso" {rPois Int+3}
   (You found it in a Gauntlet)

   [ring of poison resistance]

   Int:       It affects your intelligence (+3).
   rPois:     It protects you from poison.
 L - a +5 ring of evasion (left hand)
 Y - an amulet of the acrobat (around neck)
Wands
 j - a wand of acid (8)
 n - a wand of mindburst (6)
 v - a wand of flame (52)
 z - a wand of digging (9)
 B - a wand of iceblast (29)
 E - a wand of paralysis (24)
 S - a wand of polymorph (5)
Scrolls
 a - a scroll of magic mapping
 i - a scroll of enchant weapon
 w - 2 scrolls of brand weapon
 y - 5 scrolls of blinking
 A - a scroll of silence
 J - 3 scrolls of butterflies
 K - 3 scrolls of poison
 O - 5 scrolls of amnesia
 X - 11 scrolls of identify
Potions
 b - a potion of ambrosia
 d - a potion of mutation
 e - 2 potions of berserk rage
 f - 9 potions of haste
 k - 3 potions of flight
 l - 3 potions of resistance
 m - 5 potions of magic
 s - 11 potions of curing
 x - 4 potions of brilliance
 C - 2 potions of might
 P - 3 potions of lignification
Miscellaneous
 D - a box of beasts
 Q - a piece from Xom's chessboard (15/15)
 U - a phantom mirror
 Z - a lightning rod (4/4)


   Skills:
 - Level 13.7 Fighting
 - Level 9.4(13.0) Short Blades
 - Level 14.3(15.4) Long Blades
 - Level 12.1 Armour
 - Level 6.9 Dodging
 - Level 2.0 Stealth
 - Level 10.3 Shields
 + Level 18.1 Summonings
 - Level 15.7 Invocations
 - Level 6.3 Evocations


You had 9 spell levels left.
You knew the following spells:

 Your Spells              Type           Power      Damage    Failure   Level
a - Summon Hydra          Summ           30%        N/A       12%         7
b - Call Canine Familiar  Summ           60%        N/A       1%          3

Your spell library contained the following spells:

 Spells                   Type           Power      Damage    Failure   Level
 Summon Guardian Golem    Hex/Summ       32%        N/A       1%          3
 Summon Ice Beast         Ice/Summ       32%        N/A       6%          4
 Freeze                   Ice            0%         1d3       22%         1
 Sandblast                Erth           0%         2d4       22%         1
 Cigotuvi's Dreadful Rot  Necr/Pois/Air  0%         N/A       32%         2
 Ensorcelled Hibernation  Hex/Ice        0%         N/A       32%         2
 Passwall                 Tmut/Erth      0%         N/A       32%         2
 Poisonous Vapours        Pois/Air       0%         N/A       32%         2
 Sublimation of Blood     Necr           0%         N/A       32%         2
 Wereblood                Tmut           0%         N/A       32%         2
 Dazzling Flash           Conj/Hex       0%         N/A       52%         3
 Frozen Ramparts          Ice            0%         1d1       52%         3
 Gell's Gravitas          Tloc           0%         N/A       52%         3
 Hailstorm                Conj/Ice       0%         3d3       52%         3
 Kindle Blastsparks       Fire/Tloc/Air  0%         2d10      52%         3
 Mephitic Cloud           Conj/Pois/Air  0%         N/A       52%         3
 Ozocubu's Armour         Ice            0%         N/A       52%         3
 Portal Projectile        Hex/Tloc       0%         N/A       52%         3
 Stone Arrow              Conj/Erth      0%         3d7       52%         3
 Swiftness                Air            0%         N/A       52%         3
 Teleport Other           Tloc           0%         N/A       52%         3
 Ice Form                 Ice/Tmut       0%         N/A       89%         4
 Leda's Liquefaction      Hex/Erth       0%         N/A       89%         4
 Petrify                  Tmut/Erth      0%         N/A       89%         4
 Spellforged Servitor     Conj/Summ      16%        N/A       98%         7
 Agony                    Necr           0%         N/A       99%         5
 Irradiate                Conj/Tmut      0%         3d11      99%         5
 Lee's Rapid Deconstruct  Erth           0%         3d4*      99%         5
 Metabolic Englaciation   Hex/Ice        0%         N/A       99%         5
 Silence                  Hex/Air        0%         N/A       99%         5
 Dispersal                Tloc           0%         N/A       100%        6
 Iron Shot                Conj/Erth      0%         9d1       100%        6
 Simulacrum               Ice/Necr       0%         N/A       100%        6
 Statue Form              Tmut/Erth      0%         N/A       100%        6
 Orb of Destruction       Conj           0%         9d5       100%        7
 Ozocubu's Refrigeration  Ice            0%         4d7       100%        7
 Lehudib's Crystal Spear  Conj/Erth      0%         10d2      100%        8


Dungeon Overview and Level Annotations

Branches:
Dungeon (15/15)            Temple (1/1) D:4            Lair (5/5) D:11
 Shoals (4/4) Lair:2        Snake (4/4) Lair:2        Slime (0/5) Lair:4
    Orc (0/2) D:12         Vaults (1/5) D:13         Depths (1/4) D:15
 Bailey (visited)         Volcano (visited)         Gauntlet (visited)

Altars:
Ashenzari
Cheibriados
Dithmenos
Elyvilon
Fedhas
Gozag
Hepliaklqana
Kikubaaqudgha
Makhleb
Nemelex Xobeh
Okawaru
Qazlal
Ru
Sif Muna
Trog
Uskayaw
Vehumet
Wu Jian
Xom
Yredelemnul
Zin
The Shining One
Jiyva
Lugonu

Shops:
D:6 [   D:9 =   D:12 [   D:14 (   Shoals:4 [

Portals:
Hell: Depths:1
Abyss: Lair:5 Snake:3
Trove: D:15 (give 6 scrolls of blinking)

Annotations:
D:4 1 runed translucent door, Crazy Yiuf
D:5 2 transporters
D:8 1 runed translucent door, bezhaha's ghost, novice OgWr
D:12 exclusion: downstairs
Lair:3 exclusion: 2 oklob plants
Shoals:1 1 runed translucent door, Ynoevvusk's ghost, journeyman TeSu
Shoals:3 Polyphemus
Snake:3 2 transporters, Wubuem's ghost, adept GnHu


Innate Abilities, Weirdness & Mutations

You are partially covered in iridescent scales. (AC +2)
Your mind is acute. (Int +4, Str/Dex -1)
You occasionally shout uncontrollably at your foes.


Message History

Something unexpectedly blocked you, preventing you from rampaging!
You closely miss something. Something hits you but does no damage.
The yaktaur shoots a bolt.
Reactivating autopickup.
The cyan very ugly thing dissolves into shadows!
The red ugly thing dissolves into shadows!
The cyan very ugly thing dissolves into shadows!
Unknown command.
You rampage towards the boggart!
You slice the boggart!! You burn the boggart!
You kill the boggart!
The yaktaur unwields a +0 arbalest.
The yaktaur misses you.
The yaktaur hits you but does no damage.
The yaktaur wields a +0 arbalest.
The yaktaur shoots a bolt.
The bolt misses you.
You see here a +0 robe.
An ironbound frostheart comes into view.
The yaktaur shoots a bolt.
The bolt misses you.
There is an open door, spattered with blood here.
The yaktaur captain wields a +3 arbalest.
The yaktaur captain shoots a bolt.
The bolt hits you!
* * * LOW HITPOINT WARNING * * *
Things that are here:
a +0 dagger; a +0 robe; a +0 dagger of electrocution The ironbound frostheart calls freezing cold from the walls.
The frost grips you! You resist.
* * * LOW HITPOINT WARNING * * *
You are encased in ice.
The yaktaur captain shoots a bolt.
The bolt completely misses you.
A yaktaur comes into view.
The yaktaur captain shoots a bolt.
The bolt hits you!!
* * * LOW HITPOINT WARNING * * *
Okay, then.
Unknown command.
Okay, then.
You feel better.
The ironbound frostheart calls freezing cold from the walls.
The frost grips you! You resist.
* * * LOW HITPOINT WARNING * * *
The yaktaur captain shoots a bolt.
The bolt hits you!!!
You die...

#.......###########..###
#.......# #cp##..# ######'###
###..##..### # #......#
#.c##.o##..# # #......#
#[.##p.##).# #
#......#######'#..##.)### #
#......##....p.#..##..# #
#......##.####.###.|########### #
#......##.#≈≈#@# #..##.#.#.#.#. #
#......##.#≈≈#.# ####..........
###......##.#§≈#.# ##.........
..#......##.####.# #...#..#..#
..#......##......# ##..o......
..#......####)#########.....#.#.)
..'......#....c...)...##..#...o.#
..#......'....).....o.o.....#.#..
..########.)..........##p..)..p..


You could see a yaktaur captain, an ironbound frostheart and a yaktaur.

Vanquished Creatures
  4 nagarajas (Snake:4)
  2 ironbound thunderhulks (Vaults:1)
  A crystal guardian (Vaults:1)
  3 merfolk javelineers
  A yaktaur captain (Vaults:1)
  5 merfolk impalers
  2 hydras
  An entropy weaver (Gauntlet)
  A rakshasa (Depths:1)
  4 nameless horrors
  2 salamander tyrants
  An ice dragon (Depths:1)
  7 centaur warriors
  3 boulder beetles
  2 catoblepae
  2 dancing weapons (D:13)
  4 two-headed ogres
  7 anacondas
  An ironbound frostheart (Vaults:1)
  A merfolk aquamancer (Shoals:2)
  2 tengu warriors (D:15)
  3 death yaks
  A deep troll shaman (Depths:1)
  3 thrashing horrors (Lair:5)
  15 naga warriors
  A deep troll earth mage (D:15)
  7 shock serpents
  14 naga sharpshooters
  6 salamander mystics
  4 skeletal warriors (D:14)
  10 sea snakes
  3 skysharks
  A deep troll (Depths:1)
  8 naga ritualists
  3 wizards
  2 necromancers
  3 ironbound convokers (Vaults:1)
  4 deep elf pyromancers
  8 harpies
  4 orc knights
  9 ugly things
  12 mana vipers
  6 cyclopes
  14 manticores
  2 fauns
  15 salamanders
  An orc sorcerer (D:15)
  13 elephants
  2 large abominations (Lair:5)
  Joseph (D:8)
  Maurice (D:8)
  A centaur zombie (D:15)
  3 guardian serpents
  35 black mambas
  19 naga magi
  7 cane toads
  A smoke demon (Lair:5)
  2 vault sentinels
  6 merfolk sirens
  A cane toad (shapeshifter) (D:14)
  2 gargoyles
  2 water nymphs
  2 torpor snails (Lair:5)
  A centaur skeleton (D:15)
  3 rime drakes
  An unseen horror (D:12)
  14 yaktaurs
  An efreet (D:14)
  4 kobold demonologists
  A guardian mummy (D:15)
  14 komodo dragons
  A troll (D:10)
  3 trolls (shapeshifter)
  A freezing wraith (D:14)
  A polar bear (Lair:5)
  2 ancient zymes (Lair:5)
  22 merfolk
  A wolf spider simulacrum (D:15)
  7 wind drakes
  A hornet (D:9)
  4 snapping turtles
  4 dream sheep (Shoals:3)
  25 blink frogs
  A jumping spider (Gauntlet)
  A centaur simulacrum (D:15)
  2 shadows (Gauntlet)
  63 yaks
  3 wraiths
  2 fire bats (Volcano)
  2 vampires (D:10)
  3 wyverns
  9 basilisks
  6 water elementals
  7 vampire mosquitoes
  4 chaos spawn (Lair:5)
  10 small abominations (Lair:5)
  44 nagas
  An acid dragon (D:10)
  8 water moccasins
  A hell hound (Volcano)
  19 orc warriors
  A sky beast (D:6)
  3 ice beasts (D:6)
  A black bear (D:4)
  5 wolves (Gauntlet)
  3 ogres
  5 boggarts
  16 centaurs
  5 bullfrogs
  A necrophage (D:4)
  A gnoll sergeant (D:11)
  3 scorpions
  5 wights (D:9)
  5 killer bees (D:11)
  An electric eel (Lair:1)
  4 howler monkeys
  2 lava snakes (Lair:2)
  6 hounds
  6 orc priests
  2 jellies (Lair:4)
  An iguana (D:6)
  16 orc wizards
  6 hell rats (Lair:2)
  Robin (D:2)
  11 adders
  7 gnolls
  An ufetubus (D:5)
  A worm (D:2)
  3 dart slugs
  91 orcs
  7 endoplasms
  A giant cockroach (D:3)
  13 goblins
  7 hobgoblins
  12 jackals
  10 kobolds
  4 quokkas
  10 ball pythons
  5 bats
  2 frilled lizards
  6 rats
  A tentacle (Shoals:1)
901 creatures vanquished.

Vanquished Creatures (collateral kills)
  Vashnia (Snake:4)
  A tengu reaver (Depths:1)
  A war gargoyle (Vaults:1)
  A salamander tyrant (Snake:4)
  A peacekeeper (Vaults:1)
  3 naga warriors
  4 naga sharpshooters (Snake:4)
  A mana viper (Snake:1)
  2 salamanders
  A wolf spider (Gauntlet)
  A black mamba (Snake:4)
  2 naga magi (Snake:4)
  A vault sentinel (Vaults:1)
  A jumping spider (Gauntlet)
  A naga (Snake:4)
  An orc warrior (Vaults:1)
23 creatures vanquished.

Vanquished Creatures (others)
  Asterion (Vaults:1)
  A tengu reaver (Depths:1)
  An ironbound thunderhulk (Vaults:1)
  3 dire elephants (Vaults:1)
  Josephine (Lair:4)
  A rakshasa (D:13)
  A great orb of eyes (Vaults:1)
  A hydra (Lair:3)
  A salamander tyrant (Snake:3)
  A two-headed ogre (Volcano)
  3 anacondas
  A boulder beetle (D:14)
  An orc knight (Vaults:1)
  An ironbound convoker (Vaults:1)
  A lindwurm (Vaults:1)
  2 naga ritualists
  A harpy (Shoals:4)
  2 cyclopes
  3 manticores
  A guardian serpent (Snake:1)
  A naga mage (Snake:2)
  A cane toad (Lair:4)
  A gargoyle (D:14)
  2 merfolk
  2 dream sheep (Shoals:2)
  2 wraiths (Lair:4)
  4 yaks
  A water elemental (D:14)
  A basilisk (D:14)
  A redback (shapeshifter) (D:14)
  2 vampire mosquitoes (D:12)
  3 nagas
  A boggart (Vaults:1)
  A jelly (Lair:4)
  An orc priest (Vaults:1)
  2 orc wizards
  5 orcs (Bailey)
  A bush (Lair:2)
  16 fungi
  118 plants
  11 tentacles
  24 withered plants (Gauntlet)
229 creatures vanquished.

Grand Total: 1153 creatures vanquished

Notes
Turn   | Place    | Note
-------+----------+-------------------------------------------
     0 | D:1      | Lavandula the Human Monk began the quest for the Orb.
     0 | D:1      | Reached XP level 1. HP: 18/18 MP: 1/1
   203 | D:1      | Reached XP level 2. HP: 23/24 MP: 2/2
   727 | D:2      | Reached XP level 3. HP: 11/29 MP: 3/3
  1115 | D:2      | Identified the -1 helmet of Uskayaw's Benevolence {Will-
                  | rCorr Slay+5}
  1115 | D:2      | Noticed Robin
  1118 | D:2      | Reached XP level 4. HP: 17/35 MP: 4/4
  1180 | D:2      | Killed Robin
  1181 | D:2      | Reached skill level 1 in Short Blades
  1296 | D:2      | Reached XP level 5. HP: 41/41 MP: 5/5
  1590 | D:3      | Noticed a +0 short sword
  1597 | D:3      | Noticed a +0 spear
  1598 | D:3      | Noticed a +0 falchion
  1640 | D:3      | You fall into a shaft and drop 1 floor!
  1691 | D:4      | Found a staircase to the Ecumenical Temple.
  1691 | D:4      | Identified the +3 leather armour of the King of the Hill
                  | {Harm Rampage Str+6 Slay-5}
  1717 | Temple   | Entered the Ecumenical Temple
  2346 | D:3      | Noticed a +0 spear
  2348 | D:3      | Noticed a +0 dagger
  2348 | D:3      | Noticed a +0 falchion
  2348 | D:3      | Noticed a +0 dagger
  2350 | D:3      | Noticed a +0 short sword
  2617 | D:3      | Found a hide-covered altar of Uskayaw.
  2667 | D:3      | Reached XP level 6. HP: 36/47 MP: 6/6
  2843 | D:3      | Found a faded altar of an unknown god.
  2944 | D:4      | Noticed a black bear
  2951 | D:4      | Killed a black bear
  2952 | D:4      | Reached skill level 5 in Short Blades
  3053 | D:4      | Noticed an ogre
  3064 | D:4      | Killed an ogre
  3065 | D:4      | Reached XP level 7. HP: 30/52 MP: 7/7
  3207 | D:4      | Found an ornate altar of the Wu Jian Council.
  3298 | D:4      | Found a runed translucent door.
  3299 | D:4      | Noticed Crazy Yiuf
  3326 | D:5      | Entered Level 5 of the Dungeon
  3326 | D:5      | Noticed a water moccasin
  3333 | D:5      | Killed a water moccasin
  3386 | D:5      | Found a transporter.
  3654 | D:5      | Reached XP level 8. HP: 58/58 MP: 8/8
  3846 | D:5      | Found a white marble altar of Elyvilon.
  4073 | D:5      | Became a worshipper of Elyvilon the Healer
  4073 | D:5      | Reached * piety under Elyvilon
  4073 | D:5      | Reached ** piety under Elyvilon
  4124 | D:5      | Found a transporter.
  4822 | D:6      | Found Heas's Antique Armour Shop.
  4863 | D:6      | Bought a twisted scale mail for 225 gold pieces
  4863 | D:6      | Identified the +1 scale mail of Ongias Voibb {Int+5} (You
                  | bought it in a shop on level 6 of the Dungeon)
  5085 | D:6      | Elyvilon protects you from harm!
  5313 | D:6      | Reached XP level 9. HP: 63/63 MP: 8/10
  5497 | D:6      | Reached *** piety under Elyvilon
  6172 | D:7      | Reached skill level 5 in Invocations
  6277 | D:7      | Reached skill level 1 in Evocations
  6748 | D:8      | Identified the +1 flail "Yggytwen" {venom, Str+2}
  6947 | D:8      | Found a runed translucent door.
  6948 | D:8      | Found a shimmering altar of Xom.
  6948 | D:8      | Noticed bezhaha's ghost (novice OgWr)
  6949 | D:8      | Noticed a +2 scimitar of chaos
  6960 | D:8      | Noticed Joseph
  6975 | D:8      | HP: 3/63 [Joseph/sling bullet (15)]
  6981 | D:8      | Killed Joseph
  7269 | D:8      | Reached skill level 5 in Evocations
  7303 | D:8      | Noticed Maurice
  7499 | D:8      | Reached XP level 10. HP: 34/70 MP: 9/14
  7765 | D:8      | Killed Maurice
  7968 | D:8      | Identified the +4 giant spiked club "Veliorobog" {spect,
                  | rN+}
  8269 | D:9      | Found Belose's Jewellery Boutique.
  8323 | D:9      | Reached skill level 5 in Dodging
  8501 | D:9      | Paralysed by a hornet for 1 turns
  8505 | D:9      | Paralysed by a hornet for 3 turns
  8541 | D:9      | Found a flagged portal.
  8601 | Bailey   | Entered a bailey
  9335 | Bailey   | Reached XP level 11. HP: 75/75 MP: 17/17
  9800 | Bailey   | Identified the +9 bardiche of the Heavens {freeze, Fly
                  | rCorr Str-3 Dex+5 SInv}
  9939 | D:9      | Noticed a two-headed ogre
  9963 | D:9      | Killed a two-headed ogre
  9964 | D:9      | Reached skill level 10 in Invocations
 10178 | D:9      | Reached skill level 5 in Fighting
 10393 | D:9      | Found a glowing golden altar of the Shining One.
 10395 | D:9      | Found a hazy altar of Hepliaklqana.
 10396 | D:9      | Found a broken altar of Ashenzari.
 10397 | D:9      | Found a stormy altar of Qazlal.
 10398 | D:9      | Found a glowing silver altar of Zin.
 10399 | D:9      | Found a sparkling altar of Nemelex Xobeh.
 10878 | D:10     | Entered Level 10 of the Dungeon
 11274 | D:10     | Found an ancient bone altar of Kikubaaqudgha.
 12323 | D:11     | Noticed a boulder beetle
 12343 | D:11     | Killed a boulder beetle
 12408 | D:11     | Noticed a manticore
 12414 | D:11     | Killed a manticore
 12512 | D:11     | Reached XP level 12. HP: 77/94 MP: 19/19
 12696 | D:11     | Reached **** piety under Elyvilon
 12763 | D:11     | Noticed a two-headed ogre
 12776 | D:11     | Killed a two-headed ogre
 12930 | D:11     | Found a staircase to the Lair.
 12987 | D:11     | Reached skill level 10 in Fighting
 13209 | D:11     | Reached skill level 5 in Long Blades
 13577 | D:11     | Noticed a two-headed ogre
 13600 | D:11     | Killed a two-headed ogre
 13859 | D:12     | Found Jeh Nil's Armour Emporium.
 13932 | D:12     | Bought a +0 pair of gloves of stealth for 161 gold pieces
 14184 | D:12     | Got the Almanac of Metallic Locality
 14185 | D:12     | Found a broken altar of Ashenzari.
 14251 | D:12     | Found a staircase to the Orcish Mines.
 15362 | D:13     | Noticed a +4 long sword
 15366 | D:13     | Noticed a +3 long sword
 15369 | D:13     | Killed a +4 long sword
 15374 | D:13     | Killed a +3 long sword
 15375 | D:13     | Reached XP level 13. HP: 39/103 MP: 20/20
 15578 | D:13     | Found a gate to the Vaults.
 15619 | D:13     | Reached skill level 10 in Long Blades
 15913 | D:13     | Noticed a catoblepas
 15938 | D:13     | Killed a catoblepas
 16324 | D:13     | Noticed a six-headed hydra
 16326 | D:13     | Noticed a rakshasa
 16334 | D:13     | Pacified a six-headed hydra
 16344 | D:13     | Killed a rakshasa
 16706 | D:9      | Bought a +5 ring of evasion for 504 gold pieces
 16770 | Lair:1   | Entered Level 1 of the Lair of Beasts
 16790 | Lair:1   | Identified the +7 long sword of Fiuhatez {drain, rElec
                  | rPois Stlth+}
 17376 | Lair:1   | Reached ***** piety under Elyvilon
 18662 | Lair:2   | Found a staircase to the Shoals.
 18821 | Lair:2   | Noticed a four-headed hydra
 18835 | Lair:2   | Killed a four-headed hydra
 19048 | Lair:2   | Found a staircase to the Snake Pit.
 19513 | Lair:3   | Found a dark tunnel.
 19521 | Volcano  | Entered a volcano
 20044 | Lair:3   | Noticed a four-headed hydra
 20046 | Lair:3   | Noticed an eight-headed hydra
 20054 | Lair:3   | Pacified a four-headed hydra
 20056 | Lair:3   | Killed an eight-headed hydra
 20193 | Lair:3   | Reached XP level 14. HP: 74/110 MP: 15/21
 20220 | Lair:3   | Reached skill level 1 in Armour
 21051 | Lair:4   | Reached skill level 5 in Armour
 21383 | Lair:4   | Noticed Nessos
 21386 | Lair:4   | Pacified Nessos
 21795 | Lair:4   | Noticed Josephine
 21822 | Lair:4   | Pacified Josephine
 21828 | Lair:4   | Killed Josephine
 21922 | Lair:4   | Found a viscous altar of Jiyva.
 21922 | Lair:4   | Found a staircase to the Slime Pits.
 22515 | Lair:4   | Identified the +1 long sword of Tartarus {drain, rPois
                  | Dex+3 Stlth+}
 22749 | Lair:5   | Entered Level 5 of the Lair of Beasts
 23965 | Lair:5   | Reached XP level 15. HP: 89/115 MP: 18/25
 24499 | Lair:5   | Reached ****** piety under Elyvilon
 25108 | Lair:5   | Reached skill level 15 in Invocations
 25320 | Lair:5   | Found a corrupted altar of Lugonu.
 25320 | Lair:5   | Found a one-way gate to the infinite horrors of the Abyss.
 26338 | D:14     | Found Vomp's Antique Weapon Shop.
 27594 | Shoals:1 | Entered Level 1 of the Shoals
 27886 | Shoals:1 | Noticed a kraken
 27898 | Shoals:1 | Pacified a kraken
 27978 | Shoals:1 | Found a runed translucent door.
 28102 | Shoals:1 | Noticed Ynoevvusk's ghost (journeyman TeSu)
 28622 | Shoals:1 | Found a runed translucent door.
 28958 | Shoals:1 | Reached XP level 16. HP: 122/122 MP: 24/27
 28969 | Shoals:1 | Reached skill level 10 in Armour
 31116 | Shoals:2 | Identified the +6 great sword "Human's Bane" {heavy, Contam
                  | rElec rC+ Dex+3}
 32471 | Shoals:3 | Noticed a kraken
 32472 | Shoals:3 | Pacified a kraken
 32689 | Shoals:3 | Noticed Polyphemus
 33014 | Shoals:4 | Entered Level 4 of the Shoals
 33397 | Shoals:4 | Found Wosevi's Antique Armour Boutique.
 33828 | Shoals:4 | Identified the +1 flail of the Chain {heavy, rElec rC-
                  | Int+3}
 34358 | Shoals:4 | Reached XP level 17. HP: 75/135 MP: 23/28
 34704 | Shoals:4 | Got a barnacled rune of Zot
 35044 | Snake:1  | Entered Level 1 of the Snake Pit
 35435 | Snake:1  | Reached skill level 1 in Shields
 36165 | Snake:1  | Reached skill level 5 in Shields
 38624 | Snake:2  | Reached skill level 10 in Shields
 38758 | Snake:2  | Reached XP level 18. HP: 144/145 MP: 25/29
 38970 | Snake:2  | Learned a level 7 spell: Summon Hydra
 39026 | Snake:3  | Reached skill level 1 in Summonings
 39030 | Snake:3  | Reached skill level 2 in Summonings
 39144 | Snake:3  | Noticed Wubuem's ghost (adept GnHu)
 39145 | Snake:3  | Noticed a tentacled monstrosity
 39203 | Snake:3  | Reached skill level 3 in Summonings
 39406 | Snake:3  | Reached skill level 4 in Summonings
 39601 | Snake:3  | Found a transporter.
 39609 | Snake:3  | Found a transporter.
 39619 | Snake:3  | Reached skill level 5 in Summonings
 39942 | Snake:3  | Reached skill level 6 in Summonings
 40262 | Snake:3  | Reached skill level 7 in Summonings
 40538 | Snake:3  | Reached skill level 8 in Summonings
 40603 | Snake:4  | Entered Level 4 of the Snake Pit
 40837 | Snake:4  | Noticed Louise
 40843 | Snake:4  | Reached skill level 9 in Summonings
 40849 | Snake:4  | Pacified Louise
 40916 | Snake:4  | Noticed Aizul
 40928 | Snake:4  | Pacified Aizul
 40941 | Snake:4  | Reached skill level 10 in Summonings
 41193 | Snake:4  | Learned a level 3 spell: Call Canine Familiar
 41578 | Snake:4  | Reached skill level 11 in Summonings
 41831 | Snake:4  | Reached skill level 12 in Summonings
 42219 | Snake:4  | Reached skill level 13 in Summonings
 43074 | Snake:4  | Reached skill level 14 in Summonings
 43584 | Snake:4  | Noticed Vashnia
 44021 | Snake:4  | Reached XP level 19. HP: 128/151 MP: 20/30
 44427 | Vaults:1 | Entered Level 1 of the Vaults
 44427 | Vaults:1 | Noticed Asterion
 44433 | Vaults:1 | Killed Asterion
 44834 | Vaults:1 | HP: 1/151 [orc warlord/+2 battleaxe (34)]
 44853 | Vaults:1 | Reached skill level 15 in Summonings
 46340 | D:15     | Entered Level 15 of the Dungeon
 46404 | D:15     | Found a gate leading to a gauntlet.
 46410 | Gauntlet | Entered a Gauntlet
 46410 | Gauntlet | Found a transporter.
 46410 | Gauntlet | Found a transporter.
 46423 | Gauntlet | Found a transporter.
 46439 | Gauntlet | Found a transporter.
 46439 | Gauntlet | Found a transporter.
 46440 | Gauntlet | Found a transporter.
 46442 | Gauntlet | Found a transporter.
 46442 | Gauntlet | Found a transporter.
 46452 | Gauntlet | Found a runed translucent door.
 46455 | Gauntlet | Found a transporter.
 46469 | Gauntlet | Found a transporter.
 46479 | Gauntlet | Found a transporter.
 46498 | Gauntlet | Found a transporter.
 46514 | Gauntlet | Found a transporter.
 46530 | Gauntlet | Found a transporter.
 46644 | Gauntlet | Identified the ring of Okib Rost {Ice rPois Dex+2 Slay+2}
 46656 | Gauntlet | Reached skill level 16 in Summonings
 46739 | Gauntlet | Identified the +1 pair of gloves of Ennui {Slay+5}
 47057 | Gauntlet | Identified the ring "Ohissiso" {rPois Int+3}
 47258 | D:15     | Found a portal to a secret trove of treasure.
 47558 | D:15     | Gained mutation: You are somewhat resistant to further
                  | mutation. [potion of mutation]
 47558 | D:15     | Gained mutation: You are frail. (-10% HP) [potion of
                  | mutation]
 47584 | D:15     | Lost mutation: You are frail. (-10% HP) [potion of
                  | mutation]
 47584 | D:15     | Lost mutation: You are somewhat resistant to further
                  | mutation. [potion of mutation]
 47584 | D:15     | Gained mutation: Potions are less effective at restoring
                  | your health. [potion of mutation]
 47584 | D:15     | Gained mutation: You have sharp toenails. [potion of
                  | mutation]
 47585 | D:15     | Lost mutation: Potions are less effective at restoring your
                  | health. [potion of mutation]
 47585 | D:15     | Lost mutation: You have sharp toenails. [potion of
                  | mutation]
 47585 | D:15     | Gained mutation: You occasionally shout uncontrollably at
                  | your foes. [potion of mutation]
 47585 | D:15     | Gained mutation: Your spells are a little easier to cast,
                  | but a little less powerful. [potion of mutation]
 47586 | D:15     | Lost mutation: Your spells are a little easier to cast, but
                  | a little less powerful. [potion of mutation]
 47586 | D:15     | Lost mutation: You occasionally shout uncontrollably at
                  | your foes. [potion of mutation]
 47586 | D:15     | Gained mutation: You occasionally lose the ability to drink
                  | potions when taking damage. [potion of mutation]
 47586 | D:15     | Gained mutation: You are occasionally teleported next to
                  | monsters. [potion of mutation]
 47587 | D:15     | Lost mutation: You occasionally lose the ability to drink
                  | potions when taking damage. [potion of mutation]
 47587 | D:15     | Lost mutation: You are occasionally teleported next to
                  | monsters. [potion of mutation]
 47587 | D:15     | Gained mutation: Your mind is acute. (Int +4, Str/Dex -1)
                  | [potion of mutation]
 47587 | D:15     | Gained mutation: You occasionally shout uncontrollably at
                  | your foes. [potion of mutation]
 47587 | D:15     | Gained mutation: You are partially covered in iridescent
                  | scales. (AC +2) [potion of mutation]
 47739 | D:6      | Bought a shiny helmet for 187 gold pieces
 47922 | D:15     | Found a staircase to the Depths.
 48110 | D:15     | Identified the +7 dagger of Understanding {antimagic, rPois
                  | rF+ Dex+2}
 48239 | Depths:1 | Entered Level 1 of the Depths
 48283 | Depths:1 | Found a gateway to Hell.
 48908 | Depths:1 | Reached skill level 17 in Summonings
 50553 | Snake:4  | Killed Vashnia
 51074 | Snake:4  | Got a serpentine rune of Zot
 51928 | Vaults:1 | Reached skill level 18 in Summonings
 51999 | Vaults:1 | Reached XP level 20. HP: 51/158 MP: 15/31
 52007 | Vaults:1 | HP: 4/158 [yaktaur captain/bolt (30)]
 52008 | Vaults:1 | Shot with a bolt by a yaktaur captain

Illustrated notes

Levels and vault maps discovered:
D:1:      lemuel_arrival_lava_pool, layout_loops_ring, serial_park_tiny_1
D:2:      minmay_skewed_foursquare, layout_rooms, uniq_robin
D:3:      layout_basic, nicolae_uskayaw_en_pointe,
          shapermc_ecumenical_altar_hornbeckon, minmay_misc_feat_square
D:4:      layout_basic, amcnicky_altar_gilded,
          minmay_temple_entry_statues_pillars, uniq_crazy_yiuf_cottage
D:5:      gammafunk_steamed_eel, layout_basic, kennysheep_little_box,
          minivault_14, corexii_hall_statues_l, chequers_decorated_corner
D:6:      layout_loops_ring, serial_shops, shop
D:7:      layout_rooms
D:8:      layout_loops_cross, ebering_ghost_xom,
          minmay_fractal_squares_diagonal_5, uniq_maurice, uniq_joseph
D:9:      layout_long_grid, minitemple, enter_bailey_8, nicolae_stop_n_shop_2
D:10:     layout_roguey, mainiacjoe_overflow_boulevard
D:11:     layout_basic, david_lair_generic, nicolae_titane
D:12:     gammafunk_indiana_jones, layout_small_grid, david_orc_2, serial_shops,
          nicolae_shop_crystal, special_room [special_room_orc],
          cheibrodos_ashenzari_chains
D:13:     layout_irregular_city, erik_vaults_1
D:14:     layout_stronghold, serial_shops, shop, serial_bayou_pond_b
D:15:     grunt_enter_depths_magical_seal, layout_loops_ring,
          nicolae_trove_entry_path_of_doom, minivault_23, gauntlet_entry_generic
Temple:   nicolae_temple_godzebo
Lair:1:   layout_gridlike, lemuel_fruit_tree, serial_bayou_shore_b,
          infiniplex_staircase_pool_2, grunt_megastairs_3
Lair:2:   layout_small_grid, minmay_shoals_entry_beasts,
          nicolae_snake_entry_warm_welcome, serial_bayou_shore_b
Lair:3:   layout_roguey, enter_volcano_4, st_stairs_9, disabler_island
Lair:4:   layout_hall_layers, nicolae_slime_entry_slimehenge, uniq_nessos,
          uniq_josephine
Lair:5:   hellmonk_lair_end_abyssal_woods, layout_loops_ring,
          nicolae_lair_yak_garden, grunt_megastairs_5
Shoals:1: layout_shoals, ebering_ghost_reflecting_pool,
          nicolae_shoals_cliffside_cave, lightli_airlock
Shoals:2: layout_shoals, ldierk_geyser
Shoals:3: layout_shoals, uniq_polyphemus
Shoals:4: shoals_end_simple, layout_shoals, shoals_ilsuiw_alternative,
          serial_shops, nicolae_shop_stone
Snake:1:  layout_grid_shapes
Snake:2:  nrook_guardian_serpent_snake_passage, layout_rooms
Snake:3:  layout_rooms, special_room, gammafunk_ghost_abyssal_escape
Snake:4:  snake_pit, layout_layer_cave, nicolae_large_snake_swirl, uniq_vashnia,
          uniq_louise, uniq_aizul
Vaults:1: vaults_dpeg_encased_lava, nicolae_vaults_an_arrangement,
          hangedman_vaults_stitches, nicolae_vaults_yaktaur_gun_rack,
          vaults_standard_mumra_lines, v_misc_24, v_misc_2,
          vaults_mumra_minichess_inversion, v_pattern_2,
          nicolae_vaults_little_squares_3, vaults_mumra_chevron,
          vaults_room_hallway, layout_vaults_maze, uniq_saint_roka,
          uniq_asterion
Depths:1: minmay_the_grid_triangle_9x9_recursive_2
          [minmay_the_grid_triangle_9x9_prize_top_heavy,
          minmay_the_grid_triangle_9x9_minimal,
          minmay_the_grid_triangle_9x9_subtriangle,
          minmay_the_grid_triangle_9x9_pentomino_pain], layout_gridlike,
          nicolae_wu_jian_immortal_techniques, hell_entry, grunt_ministairs_2,
          chequers_serial_rivers_micro_e, hangedman_aviary

Skill      XL: |  1  2  3  4  5  6  7  8  9 10 11 12 13 14 15 16 17 18 19 |
---------------+----------------------------------------------------------+-----
Long Blades    | 4 9 14 | 14.3
Short Blades   | 1 3 5 7 9 |  9.4
Invocations    | 2 5 8 10 13 15 | 15.7
Evocations     | 5 6 |  6.3
Dodging        | 6 |  6.9
Fighting       | 8 10 12 13 | 13.7
Armour         | 6 9 12 | 12.1
Shields        | 10 | 10.3
Summonings     | 14 18 | 18.1
Stealth        | |  2.0

Action                     |  1- 3 |  4- 6 |  7- 9 | 10-12 | 13-15 | 16-18 | 19-21 || total
---------------------------+-------+-------+-------+-------+-------+-------+-------++-------
  Melee: Falchion          |    89 |    13 |       |       |       |       |       ||   102
         Punch             |     4 |     1 |     4 |    18 |    21 |    13 |       ||    61
         Dagger            |       |   157 |   296 |   665 |    19 |       |       ||  1137
         Scimitar          |       |       |       |   100 |       |   864 |   500 ||  1464
         Long sword        |       |       |       |       |  1168 |   486 |       ||  1654
  Throw: Dart              |       |     3 |       |    15 |     1 |     2 |       ||    21
         Javelin           |       |     2 |     2 |    22 |       |    11 |       ||    37
         Throwing net      |       |       |       |       |       |       |     2 ||     2
   Cast: Call Canine Famil |       |       |       |       |       |    30 |    20 ||    50
         Summon Hydra      |       |       |       |       |       |       |    30 ||    30
 Invoke: Heal Self         |       |       |     4 |     2 |     8 |     4 |       ||    18
         Heal Other        |       |       |     2 |    12 |    36 |    45 |    25 ||   120
  Evoke: Wand              |       |       |       |    11 |     1 |     6 |     3 ||    21
         Piece from Xom's  |       |       |       |     2 |       |       |       ||     2
         Box of beasts     |       |       |       |       |       |     2 |     1 ||     3
         Phantom mirror    |       |       |       |       |       |     1 |     2 ||     3
    Use: Potion            |       |     3 |     2 |     2 |     4 |     4 |    13 ||    28
         Scroll            |       |       |    18 |     5 |     9 |     6 |     1 ||    39
   Stab: Sleeping          |     6 |     4 |     8 |     7 |     7 |     4 |     3 ||    39
         Distracted        |       |       |     1 |     2 |     1 |     6 |     3 ||    13
         Petrified         |       |       |       |       |     3 |       |       ||     3
         Petrifying        |       |       |       |       |     2 |       |       ||     2
         Held in net/web   |       |       |       |       |       |       |     1 ||     1
 Armour: Robe              |    12 |    25 |    34 |       |       |       |       ||    71
         Leather armour    |       |       |     3 |   181 |   237 |   149 |   152 ||   722
         Ice dragon scales |       |       |       |       |   121 |   265 |       ||   386
  Dodge: Dodged            |    60 |    86 |   119 |   442 |   874 |   982 |   330 ||  2893
  Block: Kite shield       |       |       |       |       |       |   311 |   303 ||   614

Table legend: (Time is in decaauts)
 A = Elapsed time spent in this place.
 B = Non-inter-level travel time spent in this place.
 C = Inter-level travel time spent in this place.
 D = Time resting spent in this place.
 E = Time spent auto-exploring this place.
 F = Levels seen in this place.
 G = Mean time per level.
                   A        B        C        D        E       F      G
               +--------+--------+--------+--------+--------+-----+--------+
         Total |  51118 |  48065 |   3053 |  15933 |  22104 |  34 | 1503.5 |
       Dungeon |  19458 |  17997 |   1461 |   4071 |  10837 |  15 | 1297.2 |
        Temple |    124 |     97 |     27 |      0 |     78 |   1 |  124.0 |
          Lair |   8727 |   7862 |    865 |   1380 |   5120 |   5 | 1745.4 |
        Shoals |   7321 |   7137 |    184 |   4231 |   1208 |   4 | 1830.2 |
     Snake Pit |  11404 |  10890 |    514 |   5075 |   3727 |   4 | 2851.0 |
        Vaults |   1306 |   1306 |      0 |    150 |    674 |   1 | 1306.0 |
        Depths |    429 |    429 |      0 |    137 |     83 |   1 |  429.0 |
        Bailey |   1261 |   1261 |      0 |    366 |    375 |   1 | 1261.0 |
       Volcano |    443 |    443 |      0 |    220 |      0 |   1 |  443.0 |
      Gauntlet |    640 |    640 |      0 |    303 |      0 |   1 |  640.0 |
               +--------+--------+--------+--------+--------+-----+--------+

Top non-repeatable levels by time:
 Snake:4: 3660 daAuts
 Snake:3: 3238 daAuts
  Lair:5: 2593 daAuts
 Snake:2: 2592 daAuts
    D:13: 2541 daAuts
Shoals:1: 2262 daAuts
Shoals:2: 2153 daAuts
  Lair:2: 1981 daAuts
 Snake:1: 1913 daAuts
  Lair:4: 1824 daAuts
Shoals:4: 1787 daAuts
    D:11: 1766 daAuts
    D:14: 1695 daAuts
     D:8: 1476 daAuts
    D:10: 1440 daAuts
